 Dungeon Crawl Stone Soup version 0.30-a0-808-g6e0788376e (webtiles) character file.

Game seed: 14966659349352208865

284 cforsyth the Sneak (level 6, -11/38 HPs)
             Began as a Kobold Brigand on Feb 25, 2023.
             Mangled by a gnoll
             ... wielding a +1 whip of electrocution
             ... led by a gnoll bouda
              (19 damage)
             ... on level 4 of the Dungeon.
             The game lasted 00:02:42 (3318 turns).

cforsyth the Sneak (Kobold Brigand)                 Turns: 3318, Time: 00:02:42

Health: -11/38     AC:  4    Str:  9    XL:     6   Next: 55%
Magic:  6/6        EV: 15    Int: 14    God:
Gold:   166        SH:  0    Dex: 15    Spells: 5/5 levels left

rFire   . . .      SeeInvis .    s - +6 mace of Psychosis {vamp, +Blink Will+++ Int+2 Dex-3}
rCold   . . .      Faith    .    (no shield)
rNeg    . . .      Spirit   .    b - +0 robe
rPois   .          Reflect  .    (no helmet)
rElec   .          Harm     .    c - +0 cloak
rCorr   .          Rampage  .    l - +0 pair of gloves
Will    +++..                    (no boots)
Stlth   ++++                     (no amulet)
HPRegen 0.26/turn                k - +4 ring of slaying
MPRegen 0.10/turn                (no ring)

@: no status effects
A: small, no large weapons, nightstalker 3
a: Evoke Blink


You were on level 4 of the Dungeon.
You visited 1 branch of the dungeon, and saw 4 of its levels.

You collected 166 gold pieces.

Inventory:

Hand Weapons
 a - a +2 dagger
 s - the +6 mace of Psychosis (weapon) {vamp, +Blink Will+++ Int+2 Dex-3}
   (You found it on level 3 of the Dungeon)

   Int:       It affects your intelligence (+2).
   Dex:       It affects your dexterity (-3).
   +Blink:    It lets you blink.
   Will:      It greatly increases your willpower.
Missiles
 d - 12 poisoned darts (quivered)
 e - 3 curare-tipped darts
 u - 5 atropa-tipped darts
 w - a throwing net
Armour
 b - a +0 robe (worn)
 c - a +0 cloak (worn)
 l - a +0 pair of gloves (worn)
Jewellery
 k - a +4 ring of slaying (left hand)
 o - a ring of ice
Wands
 q - a wand of polymorph (11)
Scrolls
 f - 4 scrolls of identify {unknown}
 g - a scroll of vulnerability {unknown}
 i - 2 scrolls of fear {unknown}
 m - 3 scrolls of poison {unknown}
 p - a scroll of magic mapping {unknown}
 t - a scroll of teleportation {unknown}
 v - a scroll of fog {unknown}
Potions
 h - a potion of haste
 j - 2 potions of curing {unknown}
 n - a potion of mutation {unknown}
 r - a potion of resistance {unknown}


   Skills:
 + Level 3.9 Fighting
 + Level 4.8 Short Blades
 - Level 2.1 Throwing
 + Level 3.7 Dodging
 + Level 6.9 Stealth


You had 5 spell levels left.
You didn't know any spells.
Your spell library contained the following spells:

 Spells                   Type           Power      Damage    Failure   Level
 Inner Flame              Hex/Fire       0%         N/A       65%         3
 Airstrike                Air            0%         2d(0-16)  96%         4
 Cause Fear               Hex            0%         N/A       96%         4
 Summon Lightning Spire   Summ/Air       0%         N/A       96%         4
 Lightning Bolt           Conj/Air       0%         1d11      100%        5
 Discord                  Hex            0%         N/A       100%        8


Dungeon Overview and Level Annotations

Branches:
Dungeon (4/15)
 Temple: D:4-7

Altars:


Innate Abilities, Weirdness & Mutations

You are small and have problems with some larger weapons.
You are completely attuned to the shadows.


Message History

A gnoll bouda is nearby!
A gnoll bouda is nearby!
The gnoll bouda hits you with a +0 club.
You barely miss the gnoll bouda.
The gnoll bouda barks out a call to the hunt!
The gnolls pick up the pace!
You hit the gnoll bouda.
You feel better.
The gnoll bouda is lightly wounded.
The gnoll bouda hits you but does no damage.
The gnoll bouda closely misses you. The gnoll closely misses you.
You barely miss the gnoll bouda.
The gnoll bouda is lightly wounded.
The gnoll bouda barely misses you.
The gnoll throws a throwing net.
The throwing net completely misses you.
You thump the gnoll bouda!
The gnoll bouda is heavily wounded.
The gnoll barely misses you. The gnoll bouda misses you.
The gnoll hits you with a +1 whip of electrocution.
You are electrocuted!
The gnoll hits you but does no damage.
The gnoll bouda hits you with a +0 club.
The gnoll closely misses you.
You thump the gnoll bouda!
You kill the gnoll bouda!
The gnoll closely misses you. x2; The gnoll misses you.
The gnoll hits you with a +1 whip of electrocution.
You are too injured to fight recklessly!
The gnoll attacks as you move away!
The gnoll hits you with a +1 whip of electrocution.
The gnoll attacks as you move away! The gnoll barely misses you.
The gnoll misses you.
The gnoll throws a throwing net.
The throwing net misses you. The gnoll misses you.
The gnoll attacks as you move away! The gnoll closely misses you.
The gnoll attacks as you move away! The gnoll hits you but does no damage.
The gnoll attacks as you move away!
The gnoll hits you with a +1 whip of electrocution.
* * * LOW HITPOINT WARNING * * *
You are electrocuted!!
Ouch! That really hurt!
You die...

##.. ##....................
..... #...#.................
....### ##..###................
##....###...####...............
#...........##.......).........
.....##...........(............
....####........(..............
..#.## #..##....gg#.###......<.
.##..# #..# ###.@##..###..#####
# ##.###..# #.......##..#####.
#..##..## ##....#...........
#......)####....##...........
#...#.......##...#..#...####.
#..####....####......##..# #.##
##.### ##....# #..## .. ####.#
##...# #...## #....##
##...###.....


You could see 2 gnolls.

Vanquished Creatures
  A phantom (D:3)
  A gnoll bouda (D:4)
  Jessica (D:3)
  6 gnolls
  4 adders
  A worm (D:2)
  3 dart slugs
  3 endoplasms
  2 giant cockroaches (D:1)
  6 goblins
  7 hobgoblins
  4 quokkas
  3 ball pythons
  A bat (D:2)
  2 frilled lizards (D:3)
  7 kobolds
  4 rats
56 creatures vanquished.

Vanquished Creatures (others)
  3 plants (D:3)
3 creatures vanquished.

Grand Total: 59 creatures vanquished

Notes
Turn   | Place    | Note
-------+----------+-------------------------------------------
     0 | D:1      | cforsyth the Kobold Brigand began the quest for the Orb.
     0 | D:1      | Reached XP level 1. HP: 12/12 MP: 1/1
   100 | D:1      | Reached XP level 2. HP: 18/18 MP: 2/2
   349 | D:1      | Reached XP level 3. HP: 22/22 MP: 3/3
  1331 | D:2      | Reached XP level 4. HP: 27/27 MP: 4/4
  1404 | D:2      | Reached skill level 6 in Stealth
  1964 | D:3      | Found a faded altar of an unknown god.
  2074 | D:3      | Noticed a phantom
  2081 | D:3      | Identified the +6 mace of Psychosis {vamp, +Blink Will+++
                  | Int+2 Dex-3}
  2237 | D:3      | Reached XP level 5. HP: 32/32 MP: 5/5
  2296 | D:3      | Noticed Jessica
  2309 | D:3      | Killed Jessica
  2518 | D:3      | Killed a phantom
  2519 | D:3      | Reached XP level 6. HP: 38/38 MP: 6/6
  3318 | D:4      | Mangled by a gnoll

Illustrated notes

Levels and vault maps discovered:
D:1:      sevenhm_arrival_forest_fort_large_4, layout_basic, dk_noncrumbling_4,
          moated_statue
D:2:      layout_rooms
D:3:      layout_rooms, ebering_ecumenical_altar_rust, minivault_4,
          kennysheep_small_spiral, serial_bayou_lake_a, uniq_jessica
D:4:      layout_layer_cave, minmay_temple_entry_waves, minivault_4

Skill      XL: |  1  2  3  4  5 |
---------------+----------------+-----
Short Blades   | 3 4 |  4.8
Dodging        | 2 3 |  3.7
Fighting       | 3 |  3.9
Stealth        | 6 |  6.9
Throwing       | |  2.1

Action                     |  1- 3 |  4- 6 || total
---------------------------+-------+-------++-------
  Melee: Dagger            |    47 |    23 ||    70
         Mace              |       |    54 ||    54
         Punch             |       |     1 ||     1
    Use: Potion            |       |     1 ||     1
   Stab: Sleeping          |    18 |    12 ||    30
 Armour: Robe              |     4 |    12 ||    16
  Dodge: Dodged            |    13 |    76 ||    89

Table legend: (Time is in decaauts)
 A = Elapsed time spent in this place.
 B = Non-inter-level travel time spent in this place.
 C = Inter-level travel time spent in this place.
 D = Time resting spent in this place.
 E = Time spent auto-exploring this place.
 F = Levels seen in this place.
 G = Mean time per level.
                   A        B        C        D        E       F      G
               +--------+--------+--------+--------+--------+-----+--------+
         Total |   3351 |   3262 |     89 |    366 |   2458 |   4 |  837.8 |
       Dungeon |   3351 |   3262 |     89 |    366 |   2458 |   4 |  837.8 |
               +--------+--------+--------+--------+--------+-----+--------+

Top non-repeatable levels by time:
     D:1: 1300 daAuts
     D:3: 1137 daAuts
     D:2: 507 daAuts
     D:4: 406 daAuts
